 Dungeon Crawl Stone Soup version 0.30-a0-219-gf2db51d15e (webtiles) character file.

Game seed: 12822504710292021809

7871 Ijustatesigmund the Fighter (level 11, -6/58 HPs)
             Began as a Gargoyle Fighter on Oct 6, 2022.
             Was a Follower of Cheibriados.
             Killed from afar by a wretched star (31 damage)
             ... with a lance of force
             ... on level 1 of the Abyss.
             The game lasted 00:24:05 (11796 turns).

Ijustatesigmund the Fighter (Gargoyle Fighter)     Turns: 11796, Time: 00:24:05

Health: -6/58      AC: 22    Str: 21    XL:     11   Next: 22%
Magic:  13/13      EV: 12    Int: 14    God:    Cheibriados [*.....]
Gold:   435        SH:  7    Dex: 18    Spells: 7/10 levels left

rFire   . . .      SeeInvis .    a - +4 flail (vorpal)
rCold   . . .      Faith    .    c - +1 buckler
rNeg    + . .      Spirit   .    q - +1 swamp dragon scales
rPois   ∞          Reflect  .    t - +0 helmet
rElec   +          Harm     .    w - +0 cloak
rCorr   .          Rampage  .    n - +1 pair of gloves
Will    .....                    (no boots)
Stlth   +.........               (no amulet)
HPRegen 0.29/turn                e - ring of flight
MPRegen 0.13/turn                A - +6 ring of dexterity

@: flying, very slow
A: sickness immunity, AC +8, negative energy resistance 1, electricity
resistance, torment resistance 1, petrification resistance, [frail 2], [weak 2]
a: Renounce Religion, Bend Time


You were on level 1 of the Abyss.
You worshipped Cheibriados.
Cheibriados was aware of your devotion.
You visited 2 branches of the dungeon, and saw 12 of its levels.
You visited the Abyss 1 time.
You also visited: Sewer and Bailey.

You collected 435 gold pieces.

Inventory:

Hand Weapons
 a - a +4 vorpal flail (weapon)
Armour
 c - a +1 buckler (worn)
 n - a +1 pair of gloves (worn)
 q - +1 swamp dragon scales (worn)
 t - a +0 helmet (worn)
 w - a +0 cloak (worn)
Jewellery
 e - a ring of flight (left hand)
 g - a ring of positive energy
 z - an amulet of faith
 A - a +6 ring of dexterity (right hand)
Wands
 i - a wand of roots (17)
 y - a wand of charming (8)
 C - a wand of flame (14)
Scrolls
 b - 2 scrolls of noise
 f - 2 scrolls of teleportation
 h - 2 scrolls of enchant armour
 o - 3 scrolls of identify
 p - 2 scrolls of fog
 B - a scroll of poison
Potions
 d - 4 potions of might
 j - 3 potions of mutation
 k - 2 potions of attraction
 l - a potion of curing
 m - a potion of cancellation
 r - 2 potions of flight
 s - a potion of lignification
 u - 3 potions of haste
 v - 5 potions of magic
 x - a potion of ambrosia


   Skills:
 + Level 10.9 Fighting
 + Level 9.7 Maces & Flails
 - Level 5.9 Armour
 - Level 3.6 Dodging
 - Level 6.0 Shields
 + Level 0.0 Conjurations
 + Level 0.0 Earth Magic
 + Level 2.7 Invocations
 - Level 5.8 Evocations


You had 7 spell levels left.
You knew the following spells:

 Your Spells              Type           Power      Damage    Failure   Level
a - Stone Arrow           Conj/Erth      0%         3d7       86%         3

Your spell library contained the following spells:

 Spells                   Type           Power      Damage    Failure   Level
 Vhi's Electric Charge    Tloc/Air       0%         N/A       86%         3
 Animate Armour           Summ/Erth      0%         N/A       99%         4
 Animate Dead             Necr           0%         N/A       99%         4
 Arcjolt                  Conj/Air       0%         1d10      100%        5
 Haunt                    Necr/Summ      0%         N/A       100%        7
 Malign Gateway           Summ/Tloc      0%         N/A       100%        7
 Infestation              Necr           0%         N/A       100%        8
 Lehudib's Crystal Spear  Conj/Erth      0%         10d2      100%        8
 Maxwell's Capacitive Co  Air            0%         ∞         100%        8
 Summon Horrible Things   Summ           0%         N/A       100%        8


Dungeon Overview and Level Annotations

Branches:
Dungeon (11/15)            Temple (1/1) D:5           Sewer (visited)
 Bailey (visited)
   Lair: D:8-11         Orc: D:9-12

Altars:
Ashenzari
Cheibriados
Dithmenos
Elyvilon
Fedhas
Gozag
Hepliaklqana
Kikubaaqudgha
Makhleb
Nemelex Xobeh
Okawaru
Qazlal
Ru
Sif Muna
Trog
Uskayaw
Vehumet
Wu Jian
Xom
Yredelemnul
Zin
The Shining One

Annotations:
D:11 Erolcha


Innate Abilities, Weirdness & Mutations

You are immune to sickness and miasma.
Your stone body is resilient. (AC +8)
You are immune to poison.
You resist negative energy. (rN+)
You are resistant to electric shocks. (rElec)
You are resistant to unholy torment.
You are immune to petrification.
[You are very frail. (-20% HP)]
[You are very weak. (Str -4)]


Message History

You hear a shout! x2
Erolcha casts a spell at you.
You are cast into the Abyss!
This branch contains the abyssal rune of Zot.
You start resting.
HP restored.
A wretched star appears in a shower of sparks.
The wretched star glows turbulently.
The lance of force hits you.
You are knocked back by the lance of force.
You slam into the rock wall!
You barely miss the wretched star.
The wretched star pulses with an eldritch light!
You feel weaker. x2; You feel frail. x2
You hit the wretched star.
The wretched star is lightly damaged.
The wretched star glows turbulently.
The lance of force hits you!!
Ouch! That really hurt!
You are knocked back by the lance of force.
You slam into the rock wall!
You are too injured to fight recklessly!
You are too injured to fight recklessly!
You are too injured to fight recklessly!
You are too injured to fight recklessly!
You are too injured to fight recklessly!
You are too injured to fight recklessly!
You are too injured to fight recklessly!
You are too injured to fight recklessly!
You are too injured to fight recklessly!
You are too injured to fight recklessly!
Unknown command.
You sock the wretched star!
The wretched star is lightly damaged.
You barely miss the wretched star.
The wretched star is lightly damaged.
The wretched star glows turbulently.
The lance of force hits you!!
Ouch! That really hurt!
You die...

. .. .# ...
##. +.. ## #..
# . . ... # #.
# ####.#.#
.##. # ....#.#
#.. .#
#####.*.# ##
#.. .
.......@#
#...##
#######.## #.
. # #...###.#
#### #
.....#..#
#.#...# .....
..# #.....#
... ....##
#### .. .. ...
.. ..... ..
.....##
.............
....... .
..............
......


You could see a wretched star.

Vanquished Creatures
  A deep elf pyromancer (Bailey)
  A troll (D:7)
  Prince Ribbit (D:5)
  A hornet (D:9)
  Sigmund (D:5)
  A vampire (D:10)
  A wraith (D:9)
  7 yaks
  Eustachio (D:5)
  Menkaure (D:7)
  An acid dragon (D:10)
  3 water moccasins
  7 orc warriors
  2 sky beasts
  5 ice beasts
  2 ogres
  3 centaurs
  2 phantoms
  3 kobold brigands
  2 necrophages
  3 bullfrogs
  2 gnoll sergeants (D:9)
  3 elf skeletons (D:5)
  3 killer bees (D:10)
  3 electric eels (D:7)
  4 howler monkeys
  2 hounds (D:5)
  3 jellies
  Crazy Yiuf (D:5)
  5 orc priests
  2 human skeletons (D:5)
  4 iguanas
  10 orc wizards
  13 gnolls
  11 adders
  6 river rats
  A shadow imp (D:6)
  A white imp (D:7)
  3 ufetubi
  2 worms
  A dart slug (D:1)
  33 orcs
  2 endoplasms
  6 giant cockroaches
  7 goblins
  7 hobgoblins
  4 jackals
  26 kobolds
  4 quokkas
  14 ball pythons
  6 bats
  3 frilled lizards
  An orc zombie (D:5)
  21 rats
263 creatures vanquished.

Vanquished Creatures (collateral kills)
  An orc knight (Bailey)
  An orc wizard (D:10)
  A gnoll (D:7)
  6 orcs
9 creatures vanquished.

Vanquished Creatures (others)
  2 orc warriors (Bailey)
  A gnoll sergeant (D:7)
  An orc (Bailey)
  18 plants (D:7)
22 creatures vanquished.

Grand Total: 294 creatures vanquished

Notes
Turn   | Place    | Note
-------+----------+-------------------------------------------
     0 | D:1      | Ijustatesigmund the Gargoyle Fighter began the quest for
                  | the Orb.
     0 | D:1      | Reached XP level 1. HP: 14/14 MP: 1/1
   229 | D:1      | Reached XP level 2. HP: 19/19 MP: 2/2
   543 | D:1      | Reached XP level 3. HP: 23/24 MP: 3/3
   898 | D:2      | Reached skill level 4 in Fighting
  1330 | D:3      | Found a glowing drain.
  1347 | D:3      | Reached XP level 4. HP: 15/30 MP: 4/4
  1403 | Sewer    | Entered a sewer
  1735 | Sewer    | Reached XP level 5. HP: 31/34 MP: 5/5
  1783 | Sewer    | Reached skill level 5 in Fighting
  1802 | Sewer    | Noticed a kobold brigand
  2030 | Sewer    | Killed a kobold brigand
  2031 | Sewer    | Reached XP level 6. HP: 29/40 MP: 6/6
  2314 | D:3      | Found a blossoming altar of Fedhas.
  2673 | D:3      | Noticed an ice beast
  2694 | D:3      | Killed an ice beast
  2695 | D:3      | Reached skill level 1 in Evocations
  3230 | D:5      | Entered Level 5 of the Dungeon
  3230 | D:5      | Noticed Eustachio
  3265 | D:5      | Killed Eustachio
  3266 | D:5      | Reached skill level 6 in Fighting
  3266 | D:5      | Reached skill level 5 in Maces & Flails
  3266 | D:5      | Reached XP level 7. HP: 8/46 MP: 7/7
  3452 | D:5      | Noticed Prince Ribbit
  3463 | D:5      | Killed Prince Ribbit
  3509 | D:5      | Reached skill level 7 in Fighting
  3509 | D:5      | Reached XP level 8. HP: 18/53 MP: 8/8
  3520 | D:5      | Found a staircase to the Ecumenical Temple.
  4095 | D:5      | Noticed Sigmund
  4115 | D:5      | Killed Sigmund
  4116 | D:5      | Reached skill level 8 in Fighting
  4250 | D:5      | Reached XP level 9. HP: 55/59 MP: 9/9
  4443 | D:5      | Reached skill level 5 in Evocations
  4646 | D:5      | Found a runed translucent door.
  4647 | D:5      | Noticed Crazy Yiuf
  4654 | D:5      | Killed Crazy Yiuf
  5256 | D:4      | Found a white marble altar of Elyvilon.
  5774 | D:7      | Reached skill level 9 in Fighting
  6510 | D:7      | Noticed Menkaure
  6515 | D:7      | Killed Menkaure
  6523 | D:7      | Reached skill level 1 in Dodging
  6691 | D:7      | Noticed a troll
  6700 | D:7      | Killed a troll
  6701 | D:7      | Reached XP level 10. HP: 25/66 MP: 10/10
  6863 | D:7      | You are sucked into a shaft and drop 3 floors!
  6863 | D:10     | Entered Level 10 of the Dungeon
  7256 | D:10     | Found a flagged portal.
  7264 | Bailey   | Entered a bailey
  7523 | Bailey   | Found a large runed translucent door.
  7523 | Bailey   | Found a large runed translucent door.
  7524 | Bailey   | Noticed a deep elf pyromancer
  7525 | Bailey   | Noticed an orc knight
  7552 | Bailey   | Killed an orc knight
  7587 | Bailey   | Reached skill level 5 in Armour
  7587 | Bailey   | Reached skill level 5 in Shields
  7773 | Bailey   | Identified the +1 leather armour of the Page of Wands
                  | {Rampage rCorr}
  7783 | Bailey   | Killed a deep elf pyromancer
  7784 | Bailey   | Reached skill level 10 in Fighting
  7965 | D:10     | HP: 5/102 [yak (4)]
  9174 | D:8      | Reached XP level 11. HP: 72/73 MP: 11/11
  9374 | Temple   | Entered the Ecumenical Temple
  9769 | Temple   | Became a worshipper of Cheibriados the Contemplative
 10320 | D:9      | Reached skill level 1 in Invocations
 10513 | D:9      | Reached * piety under Cheibriados
 11657 | D:10     | Learned a level 3 spell: Stone Arrow
 11700 | D:11     | Noticed Erolcha
 11704 | Abyss:1  | Cast into level 1 of the Abyss (Erolcha)
 11791 | Abyss:1  | Noticed a wretched star
 11796 | Abyss:1  | Killed from afar by a wretched star

Illustrated notes

Levels and vault maps discovered:
D:1:      erik_arrival_blinker_ship, layout_loops_ring, st_stairs_12,
          hangedman_decor_points
D:2:      layout_basic
D:3:      minmay_evil_eye, layout_loops_ring, mainiacjoe_overflow_tiny_flanked,
          portal_sewer_entry_b
D:4:      layout_cave_pools, kennysheep_little_box
D:5:      layout_basic, minmay_temple_entry_enclosed_plants,
          nicolae_ossuary_entry_catacombs, grunt_ministairs_6,
          minmay_misc_feat_diagonals, uniq_prince_ribbit1, uniq_eustachio,
          uniq_crazy_yiuf_cottage, uniq_sigmund
D:6:      layout_gridville
D:7:      layout_loops_ring, serial_bayou, serial_bayou_shore_a,
          serial_bayou_pond_b, serial_bayou_pond_a, serial_bayou_shore_b,
          st_stairs_12, grunt_decor_mini_mirrors, uniq_menkaure
D:8:      layout_basic
D:9:      layout_irregular_city
D:10:     layout_irregular_city, enter_bailey_2
D:11:     layout_roguey, david_lair_generic, erik_orc_2, serial_shops, shop,
          uniq_erolcha
Temple:   mainiacjoe_temple_big_plus
Abyss:1:  base:
D:5

Skill      XL: |  1  2  3  4  5  6  7  8  9 10 11 |
---------------+----------------------------------+-----
Fighting       | 4 5 6 7 8 9 10 | 10.9
Maces & Flails | 3 4 5 7 8 9 |  9.7
Evocations     | 2 3 4 5 |  5.8
Dodging        | 1 3 |  3.6
Armour         | 4 5 |  5.9
Shields        | 4 5 6 |  6.0
Invocations    | 2 |  2.7

Action                   |  1- 3 |  4- 6 |  7- 9 | 10-12 || total
-------------------------+-------+-------+-------+-------++-------
Melee: Flail             |   147 |   238 |   399 |   387 ||  1171
Evoke: Wand              |       |       |     3 |    13 ||    16
  Use: Scroll            |     1 |     8 |     4 |    11 ||    24
       Potion            |       |     4 |     2 |     3 ||     9
Armor: Scale mail        |   106 |   200 |   219 |   136 ||   661
       Skin              |       |     5 |       |     2 ||     7
       Swamp dragon scal |       |       |       |    88 ||    88
Dodge: Dodged            |    85 |   151 |   172 |   247 ||   655
Block: Buckler           |    24 |    76 |   105 |   149 ||   354

Table legend: (Time is in decaauts)
 A = Elapsed time spent in this place.
 B = Non-inter-level travel time spent in this place.
 C = Inter-level travel time spent in this place.
 D = Time resting spent in this place.
 E = Time spent auto-exploring this place.
 F = Levels seen in this place.
 G = Mean time per level.
                   A        B        C        D        E       F      G
               +--------+--------+--------+--------+--------+-----+--------+
         Total |  12416 |  11536 |    880 |   1215 |   7662 |  15 |  827.7 |
       Dungeon |  10427 |   9585 |    842 |    817 |   6688 |  11 |  947.9 |
        Temple |    433 |    395 |     38 |      0 |    384 |   1 |  433.0 |
         Abyss |    108 |    108 |      0 |     47 |     54 |   1 |  108.0 |
         Sewer |    812 |    812 |      0 |    153 |    348 |   1 |  812.0 |
        Bailey |    634 |    634 |      0 |    198 |    187 |   1 |  634.0 |
               +--------+--------+--------+--------+--------+-----+--------+

Top non-repeatable levels by time:
     D:5: 1739 daAuts
    D:10: 1467 daAuts
     D:7: 1280 daAuts
     D:9: 1194 daAuts
     D:3: 1022 daAuts
     D:8: 864 daAuts
   Sewer: 812 daAuts
     D:1: 797 daAuts
     D:4: 696 daAuts
     D:6: 680 daAuts
     D:2: 655 daAuts
  Bailey: 634 daAuts
  Temple: 433 daAuts
 Abyss:1: 108 daAuts
    D:11: 28 daAuts
